 Dungeon Crawl Stone Soup version 0.24.1-8-ga250c9d538 (webtiles) character file.

Game seed: 12407791185043921151, levelgen mode: deterministic

137 Hugehornet the Changer (level 5, 0/33 HPs)
             Began as an Octopode Transmuter on May 1, 2020.
             Killed from afar by Natasha (3 damage)
             ... with a magic dart
             ... on level 2 of the Dungeon.
             The game lasted 00:05:33 (1872 turns).

Hugehornet the Changer (Octopode Transmuter)        Turns: 1872, Time: 00:05:34

Health: 0/33       AC:  2    Str: 10    XL:     5   Next: 20%
Magic:  2/8        EV: 19    Int: 16    God:
Gold:   48         SH:  0    Dex: 17    Spells: 2/8 levels left

rFire    . . .     SeeInvis .     - Unarmed
rCold    . . .     Gourm    .   (shield currently unavailable)
rNeg     . . .     Faith    .   (helmet currently unavailable)
rPois    x         Spirit   .   (no amulet)
rElec    .         Reflect  .   (no ring)
rCorr    .         Harm     .   (no ring)
MR       .....                  (no ring)
Stlth    ++........             (no ring)
HPRegen  0.11/turn              (no ring)
MPRegen  0.11/turn              (no ring)
                                (no ring)
                                (no ring)

@: spider-form, hasted, very quick
A: tiny, almost no armour, stealthy swim, (amphibious), 8 rings, (constrict 8)
a: End Transformation


You were on level 2 of the Dungeon.
You were not hungry.
You were a venomous arachnid creature.
You visited 1 branch of the dungeon, and saw 2 of its levels.

You collected 48 gold pieces.

Inventory:

Missiles
 a - 59 arrows
Armour
 b - a +0 buckler
Wands
 j - a wand of iceblast (5)
Scrolls
 d - a scroll of identify {unknown}
 f - a scroll of fog {unknown}
 h - a scroll of remove curse {unknown}
Potions
 e - a potion of haste
 g - a potion of brilliance {unknown}
 i - a potion of degeneration {unknown}
Comestibles
 c - 6 rations


   Skills:
 - Level 1.0 Fighting
 - Level 2.0 Dodging
 - Level 3.0 Unarmed Combat
 - Level 2.0 Spellcasting
 + Level 4.8 Transmutations
 - Level 2.1 Poison Magic


You had 2 spell levels left.
You knew the following spells:

 Your Spells              Type           Power        Failure   Level  Hunger
a - Beastly Appendage     Tmut           ###...       10%         1    #......
b - Sticks to Snakes      Tmut           ###.....     13%         2    ###....
c - Spider Form           Tmut/Pois      ##........   34%         3    ###....

Your spell library contained the following spells:

 Spells                   Type           Power        Failure   Level  Hunger
 Ice Form                 Ice/Tmut       #.......     78%         4    #####..
 Blade Hands              Tmut           ###.......   80%         5    ######.


Dungeon Overview and Level Annotations

Branches:
Dungeon (2/15)

Altars:
Cheibriados

Annotations:
D:2 Natasha


Innate Abilities, Weirdness & Mutations

You cannot wear most types of armour.
You are very stealthy in the water. (Stealth+)
((You are amphibious.))
You can wear up to eight rings at the same time.
((You can use your tentacles to constrict eight enemies at once.))
((Your skin changes colour to match your surroundings (Stealth+).))
((Your rubbery body absorbs attacks. (AC +1, EV +1)))


Message History

The crimson imp laughs crazily.
Natasha barely misses you.
The shadow imp hits you but does no damage.
The kobold misses you. The crimson imp barely misses you.
Casting: Spider Form (safe; 16% risk of failure)
Confirm with . or Enter, or press ? or * to list all spells.
You turn into a venomous arachnid creature.
The orc hits you but does no damage. Natasha barely misses you.
The shadow imp hits you.
* * * LOW HITPOINT WARNING * * *
The kobold barely misses you. The crimson imp closely misses you.
The orc misses you.
You hit the orc.
The orc is poisoned.
The orc is heavily wounded.
The orc closely misses you.
You hit Natasha.
Natasha looks even sicker.
Natasha is almost dead.
Natasha casts a spell at you. The magic dart hits you.
You die...

..)..# #.##.....
#####...# ..# #....
#....... #. #.. ....
......# #.# ###
.##.....# #.# .......#
#.# #.....# #.#
#####.Koo.# #.#
.....5hs5.####.#######
#######5###..........#
######.###.##.#####.#
#......(...##.# #.#
#.####.######.# #.#
#.# #.# #..รท# ##>##
#.# #.# #.### #.#.#
#.# #)####.# #.# ##.##
#.# #......# #.# #.#


You could see Natasha, 2 crimson imps, a shadow imp, 2 orcs and a kobold.

Vanquished Creatures
  2 orc priests (D:2)
  3 adders (D:2)
  5 dart slugs
  2 leopard geckos
  2 giant cockroaches (D:1)
  7 goblins
  7 hobgoblins
  3 bats
  4 frilled lizards
  4 kobolds
  7 rats
46 creatures vanquished.

Notes
Turn   | Place    | Note
-------+----------+-------------------------------------------
     0 | D:1      | Hugehornet the Octopode Transmuter began the quest for the
                  | Orb.
     0 | D:1      | Reached XP level 1. HP: 13/13 MP: 3/3
   226 | D:1      | Reached XP level 2. HP: 16/18 MP: 3/5
   290 | D:1      | Reached skill level 3 in Transmutations
   849 | D:1      | Reached XP level 3. HP: 23/23 MP: 4/6
  1050 | D:1      | Learned a level 2 spell: Sticks to Snakes
  1054 | D:1      | Learned a level 3 spell: Spider Form
  1211 | D:2      | Reached skill level 1 in Poison Magic
  1218 | D:2      | Reached XP level 4. HP: 23/28 MP: 4/7
  1311 | D:2      | Reached skill level 4 in Transmutations
  1323 | D:2      | Found a snail-covered altar of Cheibriados.
  1325 | D:2      | Noticed Natasha
  1869 | D:2      | Reached XP level 5. HP: 8/33 MP: 5/8
  1872 | D:2      | Killed from afar by Natasha

Levels and vault maps discovered:
D:1:      saegor_arrival_simple_d, layout_rooms, minmay_unequal
D:2:      layout_loops_ring, lemuel_doored_altar, first_ration, uniq_natasha

Skill      XL: |  1  2  3  4 |
---------------+-------------+-----
Transmutations | 3 4 |  4.8
Poison Magic   | 2 |  2.1
Fighting       | |  1.0
Dodging        | |  2.0
Unarmed Combat | |  3.0
Spellcasting   | |  2.0

Action                   |  1- 3 |  4- 6 || total
-------------------------+-------+-------++-------
Melee: Unarmed           |    72 |    47 ||   119
       Constrict         |    20 |     7 ||    27
       Punch             |     1 |       ||     1
       Kick              |    11 |     3 ||    14
       Tentacles         |     5 |     3 ||     8
 Cast: Beastly Appendage |    20 |    10 ||    30
       Spider Form       |     1 |     2 ||     3
  Use: Potion            |       |     1 ||     1
 Stab: Sleeping          |     5 |     2 ||     7
  Eat: Chunk             |     1 |     3 ||     4
Armor: Skin              |     3 |     4 ||     7
Dodge: Dodged            |    46 |    57 ||   103
